 Dungeon Crawl Stone Soup version 0.18.1-50-g88ac8fd (webtiles) character file.

39361 nikopol the Severer (level 14, -2/132 HPs)
             Began as a Hill Orc Fighter on Sept 17, 2016.
             Was the Champion of Okawaru.
             Slain by a spiny frog (18 damage)
             ... while paralysed by Rupert
             ... on level 5 of the Lair of Beasts on Sept 18, 2016.
             The game lasted 01:18:37 (21638 turns).

nikopol the Severer (Hill Orc Fighter)             Turns: 21638, Time: 01:18:37

Health: -2/132     AC: 27    Str: 30    XL:     14   Next: 6%
Magic:  14/14      EV:  2    Int:  8    God:    Okawaru [******]
Gold:   781        SH:  0    Dex: 19    Spells: 0 memorised, 13 levels left

rFire  + . .     SeeInvis .     X - +2 war axe (chop)
rCold  . . .     Gourm    .     i - +4 chain mail "Kampuz" {rF+ Str+2}
rNeg   . . .     Faith    .     c - +0 shield
rPois  .         Spirit   .     P - +2 hat
rElec  .         Dismiss  .     S - +2 cloak "Gineibb" {Dex+4}
rCorr  .         Reflect  .     D - +0 pair of gloves
SustAt .         Harm     .     J - +2 pair of boots
MR     +....                    (no amulet)
Stlth  ..........               C - +6 ring of strength
                                R - +3 ring of dexterity

@: paralysed, lethally poisoned (-2 -> -20), drained, somewhat resistant to
hostile enchantments, extremely unstealthy
A: no striking features
a: Heroism, Finesse, Renounce Religion


You were on level 5 of the Lair of Beasts.
You worshipped Okawaru.
Okawaru was exalted by your worship.
You were not hungry.

You visited 2 branches of the dungeon, and saw 16 of its levels.
You also visited: Volcano.

You collected 829 gold pieces.
You spent 48 gold pieces at shops.

Inventory:

Hand Weapons
 a - a +0 war axe
 G - a +0 shortbow
 U - a +1 battleaxe of flaming
 X - a +2 war axe of chopping (weapon)
Missiles
 H - 14 tomahawks (quivered)
Armour
 c - a +0 shield (worn)
 i - the +4 chain mail "Kampuz" (worn) {rF+ Str+2}
   (You found it on level 4 of the Dungeon)

   It affects your strength (+2).
   It protects you from fire.
 l - a +1 ring mail of magic resistance
 D - a +0 pair of gloves (worn)
 J - a +2 pair of boots (worn)
 P - a +2 hat (worn)
 S - the +2 cloak "Gineibb" (worn) {Dex+4}
   (Okawaru gifted it to you on level 10 of the Dungeon)

   It affects your dexterity (+4).
Jewellery
 q - an uncursed ring of positive energy
 x - an uncursed ring of flight
 C - a +6 ring of strength (right hand)
 R - a +3 ring of dexterity (left hand)
Wands
 j - a wand of iceblast (5/15)
 I - a wand of digging (18/24)
 L - a wand of lightning (8/15)
Scrolls
 g - 5 scrolls of enchant armour
 k - 3 scrolls of magic mapping
 m - 3 scrolls of recharging
 o - 10 scrolls of remove curse
 s - a scroll of fog {unknown}
 u - a scroll of fear
 v - 3 scrolls of vulnerability {unknown}
 y - 8 scrolls of teleportation
 z - 3 scrolls of identify
 F - 3 scrolls of enchant weapon
Potions
 d - 3 potions of might
 e - 2 potions of cancellation
 h - 9 potions of curing
 n - 8 potions of heal wounds
 p - 2 potions of resistance
 r - 2 potions of lignification
 t - a potion of invisibility {unknown}
 w - 4 potions of brilliance
 A - 2 potions of ambrosia {unknown}
 B - a potion of magic {unknown}
 M - 3 potions of berserk rage {unknown}
 N - 2 potions of degeneration {unknown}
 Y - a potion of agility {unknown}
Books
 K - a book of the Warp

   Spells                             Type                      Level
   a - Recall                         Summoning/Translocation      3
   b - Gell's Gravitas                Hexes/Translocation          3
   c - Force Lance                    Conjuration/Translocation    4
   d - Warp Weapon                    Charms/Translocation         5
   e - Summon Forest                  Summoning/Translocation      5
Comestibles
 b - a royal jelly
 f - 11 bread rations
 E - 4 meat rations
 T - 10 fruits


   Skills:
 + Level 14.1(13.8) Fighting
 + Level 15.2(15.0) Axes
 + Level 13.2(13.0) Armour
 + Level 13.2(13.0) Shields


You had 13 spell levels left.
You didn't know any spells.

Dungeon Overview and Level Annotations

Branches:
Dungeon (11/15)            Temple (0/1) D:6            Lair (5/8) D:11
    Orc (0/2) D:10
  Swamp: Lair:3-6    Shoals: Lair:3-6     Snake: Lair:3-6    Spider: Lair:3-6

Altars:
Ashenzari
Dithmenos
Elyvilon
Okawaru
Pakellas
Qazlal
Ru
Sif Muna
Vehumet
Xom

Shops:
D:8 %}*:   D:11 ?

Annotations:
Lair:1 exclusion: oklob plant
Lair:5 Rupert


Message History

You feel sick. You block the spiny frog's attack.
You feel sick.
You feel sick. Rupert roars wildly at you.
You suddenly lose the ability to move!
You feel sick. x4
The spiny frog stings you.
* * * LOW HITPOINT WARNING * * *
Rupert yells loudly at you.
You struggle to resist.
You feel sick. The spiny frog stings you.
* * * LOW HITPOINT WARNING * * *
You are lethally poisoned!
The spiny frog poisons you! Rupert hits you but does no damage.
The spiny frog stings you but does no damage.
* * * LOW HITPOINT WARNING * * *
You feel sick. Rupert yells loudly at you.
You shrug off the repeated paralysis!
The spiny frog stings you!!
You die...

## ######
##.###########.##.#
#...#P......P.#...####
#.....................
#....@F..........#.##.
##.....@...........#.#.
#....P...#.......#.....
##..###..†.#......#....
##..#.....#......#....
###.#......##..........
#...+......##..........
#.#..#.....##....#.#.#.
#.......P###........#..


You could see Rupert and a spiny frog.

Vanquished Creatures
  Gastronok (D:10)
  Fannar (D:11)
  Harold (D:10)
  A centaur warrior (Volcano)
  5 death yaks (Lair:3)
  2 deep trolls (D:9)
  4 lindwurms (Lair:2)
  2 hill giants
  6 statues (Volcano)
  A griffon (Lair:3)
  The ghost of nikopol the Skirmisher, a novice GrBe of Trog (D:6)
  Joseph (D:10)
  2 black mambas
  5 spiny frogs
  6 komodo dragons
  Grinder (D:3)
  10 trolls
  3 blink frogs (Lair:3)
  41 yaks
  A vampire (D:11)
  A basilisk (Lair:1)
  2 wyverns
  2 hungry ghosts (D:10)
  6 hippogriffs
  3 water moccasins
  4 porcupines
  4 sky beasts
  8 orc warriors
  2 black bears (D:10)
  7 ice beasts
  2 phantoms
  3 boggarts (D:10)
  12 centaurs
  9 ogres
  7 big kobolds
  4 crocodiles
  12 giant frogs
  5 gnoll sergeants
  A wyvern skeleton (D:9)
  6 scorpions
  19 killer bees
  2 electric eels (D:9)
  4 howler monkeys
  6 crimson imps
  A giant frog zombie (D:6)
  5 lava snakes (Volcano)
  3 centaur zombies
  13 hounds
  8 orc priests
  2 giant frog skeletons
  4 jellies
  17 orc wizards
  4 centaur skeletons
  10 iguanas
  6 worker ants
  3 killer bee zombies
  A worker ant zombie (D:8)
  12 gnolls
  18 adders
  16 river rats
  4 shadow imps
  2 adder zombies
  2 adder skeletons
  4 worms
  2 dart slugs (D:1)
  4 giant geckos
  63 orcs
  8 bats
  8 giant cockroaches
  12 goblins
  11 hobgoblins
  6 jackals
  3 quokkas
  2 ball pythons
  3 giant newts
  29 kobolds
  A quokka zombie (D:8)
  11 rats
  A fungus (Lair:5)
525 creatures vanquished.

Vanquished Creatures (others)
  A lightning spire (D:5)
  2 bushes (D:5)
  A plant (Lair:4)
4 creatures vanquished.

Grand Total: 529 creatures vanquished

Notes
Turn   | Place    | Note
--------------------------------------------------------------
     0 | D:1      | nikopol the Hill Orc Fighter began the quest for the Orb.
     0 | D:1      | Reached XP level 1. HP: 19/19 MP: 1/1
    42 | D:1      | Reached XP level 2. HP: 27/27 MP: 2/2
    94 | D:1      | Reached skill level 3 in Axes
   376 | D:1      | Reached XP level 3. HP: 33/33 MP: 3/3
   902 | D:2      | Found a deep blue altar of Sif Muna.
   940 | D:2      | Reached XP level 4. HP: 38/40 MP: 4/4
  1673 | D:3      | Reached skill level 4 in Axes
  1730 | D:3      | Reached XP level 5. HP: 13/46 MP: 5/5
  2475 | D:3      | Found a stormy altar of Qazlal.
  2478 | D:3      | Noticed a fire elemental
  2478 | D:3      | Noticed an air elemental
  2478 | D:3      | Noticed a water elemental
  2486 | D:3      | Noticed Grinder
  2486 | D:3      | Paralysed by Grinder for 5 turns
  2514 | D:3      | Paralysed by Grinder for 2 turns
  2531 | D:3      | Killed Grinder
  2531 | D:3      | Reached skill level 5 in Fighting
  2531 | D:3      | Reached skill level 5 in Axes
  2531 | D:3      | Reached skill level 5 in Armour
  2531 | D:3      | Reached skill level 5 in Shields
  2531 | D:3      | Reached XP level 6. HP: 45/56 MP: 6/6
  2848 | D:4      | Reached XP level 7. HP: 47/61 MP: 7/7
  3557 | D:4      | Got a fine chain mail
  3568 | D:4      | Identified the +4 chain mail "Kampuz" {rF+ Str+2} (You found it on level 4 of the Dungeon)
  3699 | D:5      | Entered Level 5 of the Dungeon
  3776 | D:5      | Reached skill level 6 in Axes
  3902 | D:5      | Reached XP level 8. HP: 39/70 MP: 8/8
  4585 | D:5      | Found an iron altar of Okawaru.
  4599 | D:5      | Found a shimmering altar of Xom.
  4628 | D:5      | Found a white marble altar of Elyvilon.
  4631 | D:5      | Found a sacrificial altar of Ru.
  4772 | D:5      | Found an oddly glowing altar of Pakellas.
  4773 | D:5      | Noticed a tengu reaver
  4807 | D:6      | Reached skill level 7 in Axes
  5034 | D:5      | Became a worshipper of Warmaster Okawaru
  5140 | D:6      | Found a staircase to the Ecumenical Temple.
  5662 | D:6      | Reached XP level 9. HP: 72/79 MP: 9/9
  5714 | D:6      | Found a shattered altar of Ashenzari.
  5791 | D:6      | Noticed nikopol's ghost (novice GrBe)
  5793 | D:6      | Reached skill level 8 in Axes
  5822 | D:6      | Killed nikopol's ghost
  5822 | D:6      | Reached * piety under Okawaru
  6415 | D:6      | Reached skill level 9 in Axes
  6972 | D:6      | Reached ** piety under Okawaru
  7230 | D:7      | Reached XP level 10. HP: 76/90 MP: 10/10
  7977 | D:7      | Learned a level 5 spell: Silence
  8072 | D:8      | Found Teeq's Assorted Antiques.
  8166 | D:8      | Reached skill level 10 in Axes
  8185 | D:8      | Found Oteaniox's Book Emporium.
  8349 | D:8      | Reached *** piety under Okawaru
  8611 | D:8      | Found Amote's Gadget Shoppe.
  9027 | D:8      | Found Umugorys's Food Boutique.
  9030 | D:8      | Found Ynlenin's Jewellery Boutique.
  9414 | D:9      | Reached **** piety under Okawaru
  9442 | D:9      | Got a translucent scale mail
  9692 | D:9      | Identified the +4 scale mail of Xeosoid {*Drain +Blink rElec Slay+2} (You found it on level 9 of the Dungeon)
  9779 | D:9      | Reached skill level 10 in Fighting
 10326 | D:9      | Found a runed door.
 10327 | D:9      | Found a runed door.
 10844 | D:9      | Found a radiant altar of Vehumet.
 10945 | D:9      | Reached XP level 11. HP: 93/100 MP: 11/11
 11123 | D:9      | Noticed a deep troll
 11123 | D:9      | Noticed a deep troll
 11134 | D:9      | Killed a deep troll
 11134 | D:9      | Reached skill level 11 in Axes
 11134 | D:9      | Reached skill level 10 in Shields
 11144 | D:9      | Killed a deep troll
 11144 | D:9      | Reached ***** piety under Okawaru
 11444 | D:9      | Reached skill level 10 in Armour
 12061 | D:10     | Entered Level 10 of the Dungeon
 12090 | D:10     | Noticed Gastronok
 12163 | D:10     | Killed Gastronok
 12163 | D:10     | Received a gift from Okawaru
 12189 | D:10     | Got a pitted cloak {god gift}
 12200 | D:10     | Identified the +2 cloak "Gineibb" {Dex+4} (Okawaru gifted it to you on level 10 of the Dungeon)
 12458 | D:10     | Noticed a hill giant
 12510 | D:10     | Noticed a hill giant
 12892 | D:10     | Noticed Joseph
 12906 | D:10     | Killed Joseph
 12912 | D:10     | Reached skill level 12 in Axes
 13149 | D:10     | Noticed Harold
 13177 | D:10     | Killed Harold
 13323 | D:10     | Found a staircase to the Orcish Mines.
 13337 | D:10     | Reached XP level 12. HP: 83/110 MP: 12/12
 14503 | D:11     | Noticed Fannar
 14541 | D:11     | Killed Fannar
 14692 | D:11     | Reached skill level 13 in Axes
 14704 | D:11     | Reached ****** piety under Okawaru
 15096 | D:11     | Found Gilughoxt's Magic Scroll Shop.
 15148 | D:11     | Bought a scroll of remove curse for 48 gold pieces
 15197 | D:11     | Found a staircase to the Lair.
 15318 | D:11     | Received a gift from Okawaru
 15732 | Lair:1   | Entered Level 1 of the Lair of Beasts
 15884 | Lair:1   | Found a dark tunnel.
 15894 | Volcano  | Entered a volcano
 16269 | Volcano  | Reached XP level 13. HP: 119/119 MP: 13/13
 16406 | Volcano  | Found a bloodstained altar of Trog.
 16421 | Volcano  | Reached skill level 14 in Axes
 16545 | Lair:1   | Found a shadowy altar of Dithmenos.
 18730 | Lair:3   | Received a gift from Okawaru
 20164 | Lair:4   | Reached skill level 15 in Axes
 21182 | Lair:2   | Reached XP level 14. HP: 98/132 MP: 14/14
 21584 | Lair:5   | Noticed Rupert
 21592 | Lair:5   | Paralysed by Rupert for 6 turns
 21632 | Lair:5   | Paralysed by Rupert for 7 turns
 21638 | Lair:5   | Slain by a spiny frog

Skill      XL: |  1  2  3  4  5  6  7  8  9 10 11 12 13 |
---------------+----------------------------------------+-----
Axes           | 3 4 5 6 7 9 10 12 13 15 | 15.2
Armour         | 4 5 6 8 9 10 12 13 | 13.2
Fighting       | 4 5 6 7 8 10 11 12 14 | 14.1
Shields        | 4 5 6 7 8 9 11 12 13 | 13.2

Action                   |  1- 3 |  4- 6 |  7- 9 | 10-12 | 13-15 || total
-------------------------+-------+-------+-------+-------+-------++-------
Melee: War axe           |   100 |   170 |   483 |   999 |   398 ||  2150
Throw: Tomahawk          |       |       |       |       |     7 ||     7
Invok: Heroism           |       |       |     1 |     5 |     1 ||     7
 Abil: Evoke Blink       |       |       |       |     2 |       ||     2
       Evoke Flight      |       |       |       |       |     1 ||     1
  Use: Scroll            |       |     4 |       |     6 |    12 ||    22
       Potion            |       |       |     2 |     1 |       ||     3
  Eat: Chunk             |       |     6 |    14 |    29 |     7 ||    56
       Beef jerky        |       |       |     1 |     1 |     1 ||     3
       Pizza             |       |       |       |     1 |     2 ||     3
       Meat ration       |       |       |       |       |     1 ||     1
       Fruit             |       |       |       |       |     1 ||     1
Armor: Scale mail        |    43 |    39 |       |   275 |    80 ||   437
       Chain mail        |       |    38 |   269 |   115 |    36 ||   458
Dodge: Dodged            |    40 |    38 |   108 |   253 |    76 ||   515
Block: Shield            |    55 |    83 |   271 |   620 |   194 ||  1223
